 Dungeon Crawl Stone Soup version 0.13-a0-1577-g2bae144 (webtiles) character file.

556 Kae the Chiller (level 6, -4/45 HPs)
             Began as a Draconian Ice Elementalist on June 11, 2013.
             Killed from afar by an orc wizard (9 damage)
             ... with a puff of flame
             ... on Level 4 of the Dungeon.
             The game lasted 00:04:45 (3313 turns).

Kae the Chiller (Draconian Ice Elementalist)        Turns: 3313, Time: 00:04:46

HP  -4/45        AC 12     Str 10      XL: 6   Next: 41%
MP  12/12        EV 12     Int 18      God:
Gold 187         SH  0     Dex 11      Spells:  2 memorised,  7 levels left

Res.Fire  : . . .   See Invis. : .   f - +1 great mace (protect)
Res.Cold  : . . .   Warding    : .   (armour unavailable)
Life Prot.: . . .   Conserve   : .   (no shield)
Res.Poison: .       Res.Corr.  : .   (helmet restricted)
Res.Elec. : .       Clarity    : .   (no cloak)
Sust.Abil.: . .     Spirit.Shd : .   o - +0 pair of gauntlets
Res.Mut.  : .       Stasis     : .   (no boots)
Res.Rott. : .       Flight     : .   (no amulet)
Saprovore : . . .                    (no ring)
                                     (no ring)

@: slightly resistant to hostile enchantments, unstealthy
A: unfitting armour, AC +6
a: no special abilities


You were on level 4 of the Dungeon.
You were not hungry.

You visited 1 branch of the dungeon, and saw 4 of its levels.

You collected 167 gold pieces.

Inventory:

Hand weapons
 f - a +1,+1 great mace of protection (weapon)
Armour
 o - a +0 pair of gauntlets (worn)
Comestibles
 c - a meat ration
 g - a chunk of worker ant flesh
 q - 3 chunks of gnoll flesh
Scrolls
 a - a scroll of noise {unknown}
 d - a scroll of curse jewellery {unknown}
 e - 2 scrolls of identify {unknown}
 h - 3 scrolls of enchant weapon II {unknown}
 i - a scroll of enchant armour {unknown}
 k - a scroll of remove curse {unknown}
 l - a scroll of curse weapon {unknown}
Jewellery
 j - an uncursed ring of flight {unknown}
 p - an uncursed ring of poison resistance {unknown}
Potions
 m - a potion of brilliance {unknown}
Books
 b - a book of Frost

   Spells                             Type                      Level
   *Freeze                            Ice                          1
   *Throw Frost                       Conjuration/Ice              2
   Ozocubu's Armour                   Charms/Ice                   3
   Throw Icicle                       Conjuration/Ice              4
   Summon Ice Beast                   Ice/Summoning                4
   Condensation Shield                Ice                          4
 n - a book of War Chants

   Spells                             Type                      Level
   Fire Brand                         Charms/Fire                  2
   Freezing Aura                      Charms/Ice                   2
   Shroud of Golubria                 Charms/Translocation         2
   Repel Missiles                     Charms/Air                   2
   Poison Weapon                      Charms/Poison                3
   Regeneration                       Charms/Necromancy            3


   Skills:
 - Level 1.7 Dodging
 - Level 1.7 Stealth
 + Level 2.7 Spellcasting
 * Level 4.0 Conjurations
 * Level 5.2 Ice Magic


You had 7 spell levels left.
You knew the following spells:

 Your Spells              Type           Power        Failure   Level  Hunger
a - Freeze                Ice            ###.         1%          1    #......
b - Throw Frost           Conj/Ice       ###...       4%          2    ##.....


Dungeon Overview and Level Annotations

Branches:
Dungeon (4/27)
 Temple: D:4-7

Altars:
Ashenzari


Message History

The orc wizard shouts!
The orc shouts!
The orc wizard mumbles some strange words.
The orc wizard seems to speed up.
The gnoll shouts!
The orc wizard zaps a wand.
The bolt of cold hits the orc.
The orc dies!
The bolt of cold hits you!
The orc wizard zaps a wand.
The bolt of cold hits you!
The orc wizard zaps a wand.
The bolt of cold hits you!
* * * LOW HITPOINT WARNING * * *
The orc wizard's eyes start to glow.
The orc wizard points at you and mumbles some strange words.
The magic dart hits you!
* * * LOW HITPOINT WARNING * * *
The orc wizard gestures at you while chanting.
You resist. The orc wizard casts a spell at you. The puff of flame hits you!
You die...

.........................#
.........%...............
........%<)...............
.........)[....([....#.
.......###.....%...###
.......# #...........#
.......###.........###
...................###
##.....@............# ..
#.................##
...###.............#..##
............o.%....#.#..#
................###..#.##
.....o..o.......#.###.##
.........g........##<##
......)........###.##
.............#.#####


You could see an orc wizard, a gnoll and an orc.

Vanquished Creatures
  An ogre (D:4)
  A hound (D:4)
  An iguana (D:4)
  A gnoll shaman (D:4)
  2 worker ants (D:4)
  4 gnolls (D:4)
  2 adders (D:3)
  2 giant mites (D:2)
  A worm (D:3)
  A giant eyeball (D:4)
  A giant gecko (D:4)
  An ooze (D:2)
  4 orcs
  10 goblins
  10 hobgoblins
  4 jackals (D:1)
  10 bats
  3 giant cockroaches
  A giant newt (D:3)
  A goblin skeleton (D:4)
  12 kobolds
  7 rats
80 creatures vanquished.

Vanquished Creatures (others)
  An orc (D:4)
1 creature vanquished.

Grand Total: 81 creatures vanquished

Notes
Turn   | Place    | Note
--------------------------------------------------------------
     0 | D:1      | Kae, the Draconian Ice Elementalist, began the quest for the Orb.
     0 | D:1      | Reached XP level 1. HP: 14/14 MP: 3/3
   260 | D:1      | Reached XP level 2. HP: 15/20 MP: 4/4
   269 | D:1      | Learned a level 2 spell: Throw Frost
   636 | D:2      | Reached XP level 3. HP: 22/26 MP: 1/6
  1621 | D:3      | Reached skill level 4 in Ice Magic
  1621 | D:3      | Reached XP level 4. HP: 33/33 MP: 4/7
  2158 | D:3      | Found a shattered altar of Ashenzari.
  2420 | D:4      | Noticed an ogre
  2441 | D:4      | Killed an ogre
  2441 | D:4      | Reached XP level 5. HP: 12/38 MP: 3/9
  2734 | D:4      | Reached XP level 6. HP: 10/45 MP: 5/11
  3057 | D:4      | Reached skill level 5 in Ice Magic
  3313 | D:4      | Killed from afar by an orc wizard

Action                   |  1- 3 |  4- 6 || total
-------------------------+-------+-------++-------
Melee: Unarmed           |    99 |    17 ||   116
       Great mace        |       |     9 ||     9
 Cast: Freeze            |    60 |    79 ||   139
  Use: Potion            |       |     3 ||     3
 Stab: Sleeping          |     2 |       ||     2
